 Dungeon Crawl Stone Soup version 0.30-b1-2-g02819fbbbe (webtiles) character file.

Game seed: 12788635057459447305

273290 LLlMATKO the Slayer (level 19, -13/198 HPs)
             Began as a Minotaur Berserker on July 4, 2023.
             Was the Champion of Trog.
             Mangled by a peacekeeper (20 damage)
             ... in the Desolation of Salt on July 5, 2023.
             The game lasted 00:56:48 (42958 turns).

LLlMATKO the Slayer (Minotaur Berserker)           Turns: 42958, Time: 00:56:49

Health: -13/198    AC: 30    Str: 26    XL:     19   Next: 88%
Magic:  0/18       EV: 15    Int:  3    God:    Trog [******]
Gold:   3786       SH: 17    Dex: 14    Spells: 18/18 levels left

rFire   + . .        T - +2 war axe (heavy)
rCold   . . .        J - +0 tower shield
rNeg    + . .        p - +0 plate armour
rPois   +            (helmet restricted)
rElec   +            s - +2 ratskin cloak {*Rats rPois rN+ Str-1 Int-1 Dex+1}
rCorr   +            f - +2 pair of gloves {Stlth+}
SInv    .            L - +0 pair of boots
Will    +++++        a - amulet "Fywuq" {Spirit Contam rElec Will++ rCorr} Stlth
                     h - ring of Lies {Fly rElec Slay+4}
HPRegen 1.53/turn    V - ring of protection from fire
MPRegen 0.16/turn

%: guardian spirit
@: strong-willed (expiring), spiked, on berserk cooldown, flying, regenerating
(expiring)
A: horns 2, retaliatory headbutt
}: 1/15 runes: decaying
a: Renounce Religion, Berserk, Trog's Hand, Brothers in Arms


You were in the Desolation of Salt.
You worshipped Trog.
Trog was exalted by your worship.
You visited 7 branches of the dungeon, and saw 34 of its levels.
You visited the Abyss 1 time.
You also visited: Sewer and Desolation.

You collected 3786 gold pieces.

Inventory:

Hand Weapons
 i - a +3 broad axe of flaming
 v - a +2 antimagic broad axe
 F - the +4 war axe of Seigoril {flame, rPois rF+ Will+}
   (You found it on level 1 of the Vaults)

   rF:        It protects you from fire.
   rPois:     It protects you from poison.
   Will:      It increases your willpower.
 M - a +1 spear of freezing
 T - a +2 heavy war axe (weapon)
Missiles
 k - 2 silver javelins
 u - 6 curare-tipped darts
 Q - 16 javelins (quivered)
 U - 4 throwing nets
Armour
 f - a +2 pair of gloves of stealth (worn)
 p - a +0 plate armour (worn)
 s - the +2 ratskin cloak (worn) {*Rats rPois rN+ Str-1 Int-1 Dex+1}
   (You found it on level 4 of the Dungeon)

   *Rats:     When the wearer is hurt, rats may emerge from it to assist them.
   Str:       It affects your strength (-1).
   Int:       It affects your intelligence (-1).
   Dex:       It affects your dexterity (+1).
   rPois:     It protects you from poison.
   rN:        It protects you from negative energy.
 J - a +0 tower shield (worn)
 L - a +0 pair of boots (worn)
Jewellery
 a - the amulet "Fywuq" (around neck) {Spirit Contam rElec Will++ rCorr}
   (You acquired it on level 10 of the Dungeon)

   [amulet of guardian spirit]

   It causes incoming damage to be divided between your reserves of health and
   magic.
   rElec:     It insulates you from electricity.
   Contam:    It causes magical contamination when unequipped.
   rCorr:     It protects you from acid and corrosion.
   Will:      It greatly increases your willpower.
 h - the ring of Lies (left hand) {Fly rElec Slay+4}
   (You acquired it on level 3 of the Spider Nest)

   [ring of slaying]

   Slay:      It affects your accuracy & damage with ranged weapons and melee
   (+4).
   rElec:     It insulates you from electricity.
   Fly:       It grants you flight.
 j - a ring of ice
 n - an amulet of reflection
 A - a ring of ice
 C - an amulet of magic regeneration
 E - a ring of willpower
 V - a ring of protection from fire (right hand)
 X - the amulet of Linearity {Spirit Fragile rF+++ Int+5}
   (You found it in the Desolation of Salt)

   [amulet of guardian spirit]

   It causes incoming damage to be divided between your reserves of health and
   magic.
   Int:       It affects your intelligence (+5).
   rF:        It renders you almost immune to fire.
   Fragile:   It will be destroyed if unequipped.
 Z - a ring of willpower
Wands
 c - a wand of digging (4)
 o - a wand of flame (53)
 B - a wand of polymorph (15)
 D - a wand of roots (30)
 H - a wand of light (15)
 K - a wand of mindburst (61)
 S - a wand of paralysis (28)
Scrolls
 d - 9 scrolls of blinking
 e - 20 scrolls of identify
 g - 18 scrolls of teleportation
 m - 6 scrolls of fog
 q - 10 scrolls of enchant weapon
 r - 3 scrolls of poison
 t - 3 scrolls of magic mapping
 y - a scroll of brand weapon
 N - 9 scrolls of enchant armour
 Y - 3 scrolls of silence
Potions
 b - 5 potions of flight
 l - 16 potions of curing
 w - 4 potions of invisibility
 x - a potion of ambrosia
 z - 2 potions of berserk rage
 G - 5 potions of resistance
 I - 7 potions of might
 O - 3 potions of cancellation
 P - 2 potions of haste
 W - 4 potions of heal wounds


   Skills:
 + Level 23.7 Fighting
 + Level 21.3 Axes
 + Level 23.3 Armour
 + Level 19.6 Dodging
 + Level 12.2 Shields


You had 18 spell levels left.
You didn't know any spells.
Your spell library was empty.

Dungeon Overview and Level Annotations

Branches:
Dungeon (15/15)            Temple (0/1) D:6            Lair (5/5) D:10
  Swamp (4/4) Lair:3       Spider (4/4) Lair:3        Slime (0/5) Lair:4
    Orc (2/2) D:10            Elf (2/3) Orc:2        Vaults (2/5) D:14
 Depths (0/4) D:15          Sewer (visited)         Desolation (1/1)
  Crypt: Vaults:2-3

Altars:
Cheibriados
Dithmenos
Gozag
Hepliaklqana
Kikubaaqudgha
Nemelex Xobeh
Okawaru
Qazlal
Ru
Sif Muna
Trog
Uskayaw
Xom
Yredelemnul
The Shining One

Shops:
D:8 ?   D:14 *   Orc:1 ?   Orc:2 *[[(!(   Elf:1 :   Elf:2 :

Portals:
Abyss: D:3
Trove: D:15 (give +5 demon whip)

Annotations:
Elf:2 3 runed translucent doors


Innate Abilities, Weirdness & Mutations

You have a pair of horns on your head.
You reflexively headbutt those who attack you in melee.


Message History

The saltling goes into a battle-frenzy!
The ragged hierophant gestures wildly while chanting.
The ragged hierophant begins to accept its allies' injuries.
The peacekeeper hurls a volley of spikes at you.
The volley of spikes hits you.
The barbed spikes become lodged in your body.
* * * LOW HITPOINT WARNING * * *
As you read the scroll of fear, it crumbles to dust.
You assume a fearsome visage.
The peacekeeper is unaffected.
The saltling is unaffected.
The peacekeeper is unaffected.
The saltling is unaffected.
The ragged hierophant looks frightened!
You feel the effects of Trog's Hand fading.
The saltling no longer looks unusually strong.
You block the peacekeeper's attack. The peacekeeper claws you.
* * * LOW HITPOINT WARNING * * *
You block the saltling's attack. The peacekeeper bites you!
* * * LOW HITPOINT WARNING * * *
The peacekeeper claws you but does no damage.
You hit the peacekeeper but do no damage.
You headbutt the peacekeeper.
The peacekeeper is lightly damaged.
You barely miss the saltling. You barely miss the peacekeeper.
You block the peacekeeper's attack. The peacekeeper claws you!
* * * LOW HITPOINT WARNING * * *
You block the saltling's attack.
The peacekeeper roars a battlecry!
The saltling goes into a battle-frenzy!
You block the peacekeeper's attack. The peacekeeper misses you.
Unknown command.
You slice the peacekeeper!!
The peacekeeper is moderately damaged.
You hit the saltling but do no damage. You hit the saltling.
You slash the peacekeeper!
The peacekeeper bites you but does no damage.
The peacekeeper closely misses you.
The peacekeeper bites you but does no damage.
You block the peacekeeper's attack. You block the saltling's attack.
The peacekeeper barely misses you. You block the peacekeeper's attack.
The peacekeeper bites you!!
You die...

....##......)..#...........
....#".##..#...#...........
####.#.#####...........
...............)).......
................).....8.
...............).....###
.....................##
..............9.......#
.............@9.#.§§§§#
............9.9§§§§§§.#
..........§§§§§§§§§§§#
.......§§§§§.§§§§§§§
......a.§§§§§§..§§.
........§.§§§§§§. ........
...


You could see 2 peacekeepers and 2 saltlings.

Vanquished Creatures
  Nikola (Spider:3)
  Mlioglotl (Spider:1)
  Jorgrun (D:13)
  Asterion (Spider:1)
  2 tengu reavers
  Roxanne (Spider:4)
  Agnes (Spider:4)
  A fire giant (D:13)
  3 emperor scorpions
  A frost giant (Vaults:1)
  9 vault wardens
  2 imperial myrmidons (Desolation)
  A ghost moth (Spider:4)
  Aizul (Swamp:1)
  An orc warlord (Elf:2)
  2 broodmothers
  3 ironbound thunderhulks (Vaults:1)
  2 ironbound preservers (Vaults:1)
  2 bunyips
  A spark wasp (Spider:2)
  3 eleionomae
  2 dire elephants
  A halazid warlock (Desolation)
  The ghost of TrebMcFLY the Eclecticist, a journeyman DECj of Vehumet (Lair:5)
  3 ettins
  A deep elf death mage (Vaults:1)
  3 crystal guardians
  4 yaktaur captains
  2 entropy weavers (Spider:2)
  A fire dragon (Abyss:3)
  A shambling mangrove (Swamp:4)
  3 ragged hierophants
  14 hydras
  3 servants of whispers (Desolation)
  4 great orbs of eyes
  Harold (D:9)
  An ice dragon (Abyss:3)
  4 peacekeepers
  A jorogumo (Spider:3)
  7 vault guards
  2 radroaches
  5 ogre magi
  5 centaur warriors
  Erica (D:11)
  6 ironbound frosthearts (Vaults:1)
  A boulder beetle (D:14)
  18 dancing weapons
  2 ghost crabs
  4 alligators
  10 two-headed ogres
  4 death yaks (Lair:5)
  3 thrashing horrors (Abyss:3)
  2 orc high priests (Elf:2)
  A spriggan berserker (Swamp:3)
  7 tengu warriors
  A deep elf knight (Elf:1)
  A fire crab (Lair:2)
  3 pharaoh ants
  3 skysharks
  Amaemon (D:8)
  2 sun moths (Spider:3)
  4 orb spiders
  2 deep trolls (D:15)
  Lodul (D:10)
  A death drake (Swamp:4)
  4 goliath frogs
  4 spriggan druids
  4 swamp dragons
  A glowing orange brain (shapeshifter) (D:13)
  8 ironbound convokers
  12 deep elf archers
  Pikel (D:5)
  A bog body (Swamp:1)
  15 deep elf pyromancers
  2 wizards
  8 steelbarb worms
  5 harpies
  10 lindwurms
  9 orc knights
  22 deep elf zephyrmancers
  An oklob plant (Lair:5)
  17 wolf spiders
  4 orc sorcerers
  4 cyclopes
  13 elephants
  7 moths of wrath
  5 manticores
  4 will-o-the-wisps
  17 ugly things
  7 vault sentinels
  A guardian serpent (shapeshifter) (Elf:1)
  6 black mambas
  7 demonic crawlers
  2 guardian serpents (Desolation)
  A molten gargoyle (Desolation)
  An orange demon (D:8)
  9 torpor snails
  21 cane toads
  An unseen horror (shapeshifter) (D:13)
  A gargoyle (D:11)
  A freezing wraith (D:9)
  Maggie (D:6)
  A kobold demonologist (D:12)
  3 rime drakes
  12 yaktaurs
  A tengu conjurer (D:15)
  8 komodo dragons
  12 trolls
  12 polar bears
  2 meliai (Spider:3)
  22 tyrant leeches
  9 blink frogs
  A wolf spider simulacrum (D:14)
  26 tarantellas
  11 hornets
  22 saltlings
  3 raiju (Lair:5)
  3 dream sheep (Lair:5)
  16 slime creatures
  38 jumping spiders
  An air elemental (Elf:1)
  A culicivora (shapeshifter) (Elf:2)
  2 large abominations (Abyss:3)
  8 shadows
  A water elemental (Elf:2)
  20 culicivoras
  5 wyverns
  8 basilisks
  3 fire elementals (Elf:1)
  9 spriggans
  A wraith (D:10)
  A small abomination (D:3)
  The ghost of discopopstar the Chopper, an amateur MiBe of Trog (D:3)
  24 yaks
  6 fire bats (Abyss:3)
  3 steam dragons
  31 redbacks
  9 vampire mosquitoes
  Grum (D:9)
  6 chaos spawn (Abyss:3)
  6 wargs
  Menkaure (D:5)
  24 swamp worms
  An acid dragon (D:10)
  Duvessa (D:5)
  11 water moccasins
  14 hell hounds (Lair:5)
  28 orc warriors
  A sky beast (D:6)
  2 ice beasts
  5 swamp drakes (Swamp:4)
  An ice beast (shapeshifter) (D:13)
  12 black bears
  4 boggarts (Vaults:1)
  9 centaurs
  27 wolves
  25 ogres
  A phantom (D:4)
  Blork the orc (D:6)
  A kobold brigand (D:5)
  22 bullfrogs
  A gnoll sergeant (D:9)
  9 scorpions
  6 wights (D:7)
  Dowan (D:5)
  13 killer bees
  9 electric eels
  4 howler monkeys
  A crimson imp (D:3)
  A lava snake (D:14)
  7 hounds
  3 jellies
  An iron imp (D:3)
  17 orc priests
  A gnoll bouda (D:5)
  A sleepcap (D:5)
  An iguana (D:7)
  25 orc wizards
  A hell rat (Lair:2)
  16 gnolls
  18 adders
  A shadow imp (D:7)
  3 white imps
  An ufetubus (D:5)
  4 worms
  2 dart slugs (D:4)
  66 orcs
  7 endoplasms
  14 giant cockroaches
  9 goblins
  6 hobgoblins
  4 jackals (D:1)
  7 kobolds
  9 quokkas
  13 ball pythons
  5 bats
  10 frilled lizards
  9 rats
  A spectral orc (D:3)
  A bush (Lair:5)
1272 creatures vanquished.

Vanquished Creatures (collateral kills)
  The ghost of SlowGraham the Earth Mage, a veteran FoEE of Vehumet (Elf:1)
  A tentacled monstrosity (Abyss:3)
  An emperor scorpion (Spider:4)
  Louise (Swamp:1)
  A deep elf annihilator (D:13)
  A spark wasp (Spider:4)
  A crystal guardian (Desolation)
  A ragged hierophant (Desolation)
  A peacekeeper (Desolation)
  A servant of whispers (Desolation)
  9 hydras
  2 ogre magi (Orc:2)
  2 centaur warriors
  An anaconda (Lair:2)
  A boulder beetle (D:13)
  8 two-headed ogres
  An alligator (Swamp:1)
  A death yak (Lair:5)
  2 swamp dragons (Swamp:4)
  A manticore (D:13)
  A gargoyle (D:13)
  An efreet (D:13)
  A tengu conjurer (D:13)
  A meliai (Spider:3)
  A troll (Orc:1)
  4 saltlings (Desolation)
  2 yaks (Lair:5)
  4 swamp drakes (Swamp:4)
  2 orc warriors
  8 ogres
  A wolf (D:10)
  5 orc priests
  7 orcs (Orc:2)
76 creatures vanquished.

Vanquished Creatures (others)
  A pharaoh ant (Spider:4)
  An orb spider (Spider:4)
  A deep elf archer (Elf:1)
  A deep elf pyromancer (Elf:1)
  A deep elf zephyrmancer (Elf:1)
  2 wolf spiders (Spider:4)
  3 bloated husks
  A tyrant leech (Swamp:1)
  2 culicivoras (Spider:4)
  A water elemental (Elf:1)
  A basilisk (Lair:2)
  2 redbacks (Spider:4)
  A swamp worm (Swamp:1)
  An orc warrior (Elf:2)
  A hobgoblin (D:2)
  22 foxfires
  15 fungi
  40 plants
97 creatures vanquished.

Grand Total: 1445 creatures vanquished

Notes
Turn   | Place    | Note
-------+----------+-------------------------------------------
     0 | D:1      | LLlMATKO the Minotaur Berserker began the quest for the
                  | Orb.
     0 | D:1      | Reached XP level 1. HP: 19/19 MP: 0/0
    79 | D:1      | Reached XP level 2. HP: 27/27 MP: 1/1
   263 | D:1      | Reached ** piety under Trog
   600 | D:2      | Reached XP level 3. HP: 32/32 MP: 2/2
   969 | D:2      | Reached XP level 4. HP: 20/40 MP: 3/3
  1466 | D:2      | Found a faded altar of an unknown god.
  1597 | D:3      | Found a glowing drain.
  1619 | Sewer    | Entered a sewer
  1676 | Sewer    | Reached XP level 5. HP: 39/47 MP: 4/4
  1771 | Sewer    | Reached *** piety under Trog
  1904 | Sewer    | Reached skill level 5 in Fighting
  1904 | Sewer    | Reached skill level 5 in Axes
  2538 | D:3      | Found a transporter.
  2565 | D:3      | Found a transporter.
  2616 | D:3      | Found a basalt altar of Yredelemnul.
  2677 | D:3      | Found a one-way gate to the infinite horrors of the Abyss.
  2695 | D:3      | Noticed a small abomination
  2830 | D:3      | Reached XP level 6. HP: 53/56 MP: 5/5
  2938 | D:3      | Noticed discopopstar's ghost (amateur MiBe)
  3002 | D:3      | Killed a small abomination
  3016 | D:3      | Reached skill level 5 in Armour
  3016 | D:3      | Killed discopopstar's ghost
  3017 | D:3      | Reached XP level 7. HP: 9/62 MP: 6/6
  3438 | D:4      | Found a hide-covered altar of Uskayaw.
  3604 | D:4      | Found the +2 ratskin cloak {*Rats rPois rN+ Str-1 Int-1
                  | Dex+1}
  3616 | D:4      | Reached skill level 5 in Dodging
  4345 | D:5      | Entered Level 5 of the Dungeon
  4411 | D:5      | Noticed Menkaure
  4417 | D:5      | Killed Menkaure
  4418 | D:5      | Reached XP level 8. HP: 71/71 MP: 7/7
  4599 | D:5      | Reached **** piety under Trog
  4705 | D:5      | Noticed Pikel
  4721 | D:5      | Killed Pikel
  4792 | D:5      | Found a sparkling altar of Nemelex Xobeh.
  4856 | D:5      | Reached XP level 9. HP: 81/81 MP: 8/8
  5217 | D:5      | Noticed Duvessa
  5217 | D:5      | Noticed Dowan
  5224 | D:5      | Killed Dowan
  5228 | D:5      | Killed Duvessa
  5282 | D:5      | Found a snail-covered altar of Cheibriados.
  5654 | D:6      | Noticed Blork the orc
  5663 | D:6      | Killed Blork the orc
  5861 | D:6      | Found a staircase to the Ecumenical Temple.
  5895 | D:6      | Noticed Maggie
  5902 | D:6      | Killed Maggie
  5962 | D:6      | Found a shadowy altar of Dithmenos.
  6439 | D:7      | Found an ancient bone altar of Kikubaaqudgha.
  6440 | D:7      | Found a shimmering blue altar of Sif Muna.
  6440 | D:7      | Found a hazy altar of Hepliaklqana.
  6442 | D:7      | Found a glowing golden altar of the Shining One.
  6613 | D:7      | Identified the +1 rapier "Beschaih" {freeze, Dex+2}
  6708 | D:7      | Reached XP level 10. HP: 87/91 MP: 9/9
  7112 | D:8      | Found Ustalouj's Magic Scroll Shop.
  7219 | D:8      | You fall into a shaft and drop 1 floor!
  7271 | D:9      | Reached skill level 10 in Axes
  7429 | D:8      | Reached skill level 10 in Fighting
  7453 | D:8      | Noticed an orange demon
  7454 | D:8      | Noticed Amaemon
  7463 | D:8      | Killed Amaemon
  7468 | D:8      | Killed an orange demon
  7469 | D:8      | Reached skill level 10 in Armour
  7495 | D:8      | Reached ***** piety under Trog
  7522 | D:8      | Found an opulent altar of Gozag.
  7522 | D:8      | Found a stormy altar of Qazlal.
  8116 | D:9      | Noticed Harold
  8129 | D:9      | Killed Harold
  8130 | D:9      | Reached XP level 11. HP: 101/101 MP: 10/10
  8213 | D:9      | Noticed Grum
  8222 | D:9      | Killed Grum
  8460 | D:9      | Found a shimmering altar of Xom.
  8658 | D:9      | Reached skill level 10 in Dodging
  8890 | D:9      | Noticed a wizard
  8896 | D:9      | Killed a wizard
  9016 | D:10     | Entered Level 10 of the Dungeon
  9020 | D:10     | Found a sacrificial altar of Ru.
  9063 | D:10     | HP: 6/153 [electric eel/bolt of electricity (13)]
  9260 | D:10     | Found a staircase to the Lair.
  9551 | D:10     | Noticed Lodul
  9567 | D:10     | Killed Lodul
  9724 | D:10     | Identified 3 scrolls of acquirement
  9724 | D:10     | Acquired the amulet "Fywuq" {Spirit Contam rElec Will++
                  | rCorr}
  9739 | D:10     | Acquired a manual of Armour
  9744 | D:10     | Acquired a manual of Fighting
  9760 | D:10     | Identified the +0 quarterstaff of the Fool {flame, Str+3
                  | SInv}
  9840 | D:10     | Found a staircase to the Orcish Mines.
 10201 | D:11     | Found a bloodstained altar of Trog.
 10266 | D:11     | Noticed Erica
 10274 | D:11     | Killed Erica
 10334 | D:11     | Received a gift from Trog
 10500 | D:11     | Noticed a two-headed ogre
 10508 | D:11     | Killed a two-headed ogre
 10509 | D:11     | Reached XP level 12. HP: 113/113 MP: 11/11
 10831 | D:12     | Found an iron altar of Okawaru.
 10873 | D:12     | Noticed a two-headed ogre
 10882 | D:12     | Killed a two-headed ogre
 11566 | Lair:1   | Entered Level 1 of the Lair of Beasts
 11639 | Lair:1   | Noticed a five-headed hydra
 11651 | Lair:1   | Killed a five-headed hydra
 12826 | Lair:2   | Received a gift from Trog
 13036 | Lair:2   | Reached skill level 15 in Fighting
 13860 | Lair:2   | Reached skill level 15 in Armour
 13861 | Lair:2   | Reached XP level 13. HP: 108/127 MP: 9/12
 14267 | Lair:2   | Noticed a dire elephant
 14280 | Lair:2   | Killed a dire elephant
 14832 | Lair:3   | Found a hole to the Spider Nest.
 15035 | Lair:3   | Found a staircase to the Swamp.
 15183 | Lair:3   | Received a gift from Trog
 16073 | Lair:4   | Found a staircase to the Slime Pits.
 17082 | Lair:5   | Entered Level 5 of the Lair of Beasts
 17090 | Lair:5   | Reached skill level 15 in Axes
 17386 | Lair:5   | Noticed TrebMcFLY's ghost (journeyman DECj)
 17391 | Lair:5   | Found a runed translucent door.
 17593 | Lair:5   | Reached XP level 14. HP: 126/140 MP: 11/13
 17812 | Lair:5   | Killed TrebMcFLY's ghost
 18079 | Lair:5   | Identified the +3 robe of Rotation {rF- rCorr Dex+6}
 19477 | D:13     | Noticed Jorgrun
 19489 | D:13     | Killed Jorgrun
 19898 | D:13     | Received a gift from Trog
 19906 | D:13     | Reached XP level 15. HP: 140/155 MP: 11/14
 19913 | D:13     | Reached skill level 15 in Dodging
 19917 | D:13     | Noticed a fire giant
 19923 | D:13     | Noticed a tengu reaver
 20225 | D:13     | Killed a tengu reaver
 20380 | D:13     | Killed a fire giant
 21139 | Orc:1    | Entered Level 1 of the Orcish Mines
 21270 | Orc:2    | Entered Level 2 of the Orcish Mines
 21292 | Orc:2    | Found Fitruj's Fabulous Fripperies.
 21455 | Orc:2    | Found a staircase to the Elven Halls.
 21462 | Orc:2    | Found Betzanu's Weapon Boutique.
 21560 | Orc:2    | Found Lummyexagg's Armour Boutique.
 21560 | Orc:2    | Found Doptuunk's Distillery.
 21560 | Orc:2    | Found Goceucw's Armour Shoppe.
 21560 | Orc:2    | Found Fiemulun's Antique Weapon Boutique.
 22248 | Orc:1    | Found Ario's Magic Scroll Shoppe.
 23008 | D:14     | Found a gate to the Vaults.
 23286 | D:14     | Found Faodwi's Assorted Antiques.
 24053 | D:14     | Reached XP level 16. HP: 155/165 MP: 5/15
 24117 | D:15     | Entered Level 15 of the Dungeon
 24517 | D:15     | Found a portal to a secret trove of treasure.
 24521 | D:15     | Identified the +12 dagger of the Vanishing Invaders
                  | {freeze, SInv}
 24949 | D:15     | Found a staircase to the Depths.
 25255 | Swamp:1  | Entered Level 1 of the Swamp
 25266 | Swamp:1  | Noticed Louise
 25267 | Abyss:3  | Cast into level 3 of the Abyss (Louise)
 25283 | Abyss:3  | Noticed a tentacled monstrosity
 25289 | Abyss:3  | Killed a tentacled monstrosity
 25366 | Swamp:1  | Escaped the Abyss
 25388 | Swamp:1  | Killed Louise
 25777 | Swamp:1  | Reached skill level 1 in Shields
 25871 | Swamp:1  | Noticed Aizul
 25885 | Swamp:1  | Received a gift from Trog
 25889 | Swamp:1  | Killed Aizul
 27194 | Swamp:2  | Identified the +0 robe "Omiovesch" {Str+4}
 27548 | Swamp:3  | Received a gift from Trog
 28533 | Swamp:4  | Entered Level 4 of the Swamp
 28715 | Swamp:4  | Reached XP level 17. HP: 173/173 MP: 16/16
 29575 | Swamp:4  | Reached skill level 5 in Shields
 30263 | Swamp:4  | Got a decaying rune of Zot
 30576 | Spider:1 | Entered Level 1 of the Spider Nest
 30819 | Spider:1 | Received a gift from Trog
 30822 | Spider:1 | Noticed Mlioglotl
 30831 | Spider:1 | Noticed Asterion
 30833 | Spider:1 | Killed Mlioglotl
 30862 | Spider:1 | Killed Asterion
 32055 | Spider:2 | Identified the +1 scale mail "Caeppiru" {*Slow rElec rN+
                  | rCorr}
 33568 | Spider:4 | Entered Level 4 of the Spider Nest
 33568 | Spider:4 | Noticed Nikola
 33601 | Spider:3 | Identified the +5 ring mail "Othrer" {rF+ Will+ Regen+}
 33855 | Spider:3 | Received a gift from Trog
 34114 | Spider:4 | Identified Roxanne's Collected Works on Cleavage
 34114 | Spider:4 | Noticed Roxanne
 34522 | Spider:3 | Killed Nikola
 34523 | Spider:3 | Reached XP level 18. HP: 107/184 MP: 9/17
 35231 | Spider:3 | Acquired the ring of Lies {Fly rElec Slay+4}
 35893 | Spider:4 | Killed Roxanne
 36201 | Spider:4 | Noticed Agnes
 36215 | Spider:4 | Killed Agnes
 36590 | Elf:1    | Entered Level 1 of the Elven Halls
 37633 | Elf:1    | Paralysed by an air elemental for 1 turns
 37736 | Elf:1    | Found a runed translucent door.
 37737 | Elf:1    | Noticed SlowGraham's ghost (veteran FoEE)
 37930 | Elf:1    | Found Istaworr's Book Shop.
 38224 | Elf:1    | Killed SlowGraham's ghost
 38796 | Elf:2    | Reached skill level 10 in Shields
 39145 | Elf:2    | Found Heyxaiju's Tiny Tomes.
 39321 | Elf:2    | Received a gift from Trog
 39892 | Elf:2    | Found Ecvug's Antique Weapon Shop.
 40017 | Elf:2    | Found a runed translucent gate.
 40017 | Elf:2    | Found a runed translucent gate.
 40018 | Elf:2    | Found a runed translucent gate.
 40325 | Vaults:1 | Entered Level 1 of the Vaults
 40333 | Vaults:1 | Reached XP level 19. HP: 195/195 MP: 18/18
 40708 | Vaults:1 | Identified the +4 war axe of Seigoril {flame, rPois rF+
                  | Will+}
 41074 | Vaults:1 | Reached ****** piety under Trog
 41973 | Vaults:1 | Received a gift from Trog
 42510 | Vaults:2 | Found a crumbling gateway.
 42522 | Desolati | Entered the Desolation of Salt
 42570 | Desolati | Received a gift from Trog
 42805 | Desolati | Identified the amulet of Linearity {Spirit Fragile rF+++
                  | Int+5}
 42807 | Desolati | Identified the +1 long sword "Beastslayer" {holy, rF- rN+
                  | Will+ Stlth+}
 42815 | Desolati | Identified the +0 pair of gloves "Qofinwak" {rElec rPois
                  | rCorr Dex-2}
 42822 | Desolati | Identified the +11 hand axe of the Revolution {drain,
                  | *Corrode Will+ Str+2 Int+2}
 42957 | Desolati | HP: 6/198 [peacekeeper (11)]
 42958 | Desolati | Mangled by a peacekeeper

Illustrated notes

Levels and vault maps discovered:
D:1:      amcnicky_arrival_single_pillar, layout_basic
D:2:      minmay_skewed_foursquare, layout_basic, shapermc_ecumenical_altar_venn
D:3:      layout_rooms, yredelemnul_forgotten_temple_becter,
          gammafunk_ghost_abyssal_escape, cheibrodos_sewer_entry_drain
D:4:      layout_basic, nicolae_uskayaw_murder_on_the_dancefloor
D:5:      layout_basic, mainiacjoe_overflow_alcove_1,
          mainiacjoe_overflow_chevrons, nicolae_half_adder, uniq_menkaure,
          uniq_duvessa, uniq_pikel
D:6:      layout_loops_corners, kennysheep_little_box,
          minmay_temple_entry_stoned_glass, uniq_maggie, uniq_blork_the_orc
D:7:      layout_loops_ring, grunt_temple_overflow_open
D:8:      layout_loops_corners, chequers_temple_overflow_statue_of_worship,
          serial_shops, nicolae_stop_n_shop_2, uniq_amaemon
D:9:      layout_long_grid, xom_teletrap_fun, solitary_fountain, wad_mini_maze,
          uniq_harold, uniq_grum
D:10:     layout_stronghold, nicolae_ru_awakened_eye, erik_lair_island,
          orc_0_dummy, uniq_lodul
D:11:     layout_cave_pools, dreamdust_mushroom_princess,
          trog_three_pillars_becter, uniq_erica
D:12:     layout_basic, kennysheep_okawaru_gauntlet
D:13:     thingy_vault, layout_cave_pools, uniq_jorgrun
D:14:     layout_rooms, erik_vaults_1, kennysheep_cross_room, serial_shops, shop
D:15:     hangedman_depths_entry_civil_slaughter, layout_basic,
          nicolae_trove_entry_isolated, chequers_serial_rivers_micro_c,
          hangedman_aviary
Lair:1:   layout_chaotic_city
Lair:2:   layout_layer_cave, grunt_forest_small_clearings,
          nicolae_lair_lakeside_cave, grunt_megastairs_2,
          infiniplex_staircase_pool_2
Lair:3:   layout_chaotic_city, minmay_swamp_entry_swarm,
          nicolae_spider_entry_non_spiders, grunt_forest_large_clearing_hut
Lair:4:   layout_regular_city, dpeg_slime_entry_enclosed,
          chequers_serial_rivers_small_3, st_stairs_12,
          cheibrodos_lair_caveside_slide, serial_bayou_shore_a,
          serial_bayou_shore_b, infiniplex_staircase_pool
Lair:5:   hangedman_lair_caniforms_friends, layout_hall_layers,
          hellmonk_ghost_happy_afterlife, minmay_lair_oklob_items,
          lemuel_fruit_tree
Swamp:1:  layout_basic_swamp, evilmike_swamp_ruin_house_6, uniq_louise,
          uniq_aizul
Swamp:2:  layout_falls_marsh, nicolae_swamp_well_well_well,
          nicolae_swamp_vermiculated
Swamp:3:  layout_basic_swamp, evilmike_swamp_ruin_rubble_2
Swamp:4:  swamp, layout_basic_swamp
Spider:1: nicolae_spider_jumping_over_cracks [nicolae_spider_jumping_sub_plain,
          nicolae_spider_jumping_sub_pools, nicolae_spider_jumping_sub_lake,
          nicolae_spider_jumping_sub_shuffled], uniq_asterion, uniq_mlioglotl
Spider:2: layout_spider_delve, nicolae_spider_claw_tunnel
Spider:3: nicolae_spider_obnoxious_hallway
Spider:4: guppyfry_spider_rune, nicolae_spider_baby_got_redback, uniq_roxanne,
          uniq_agnes, uniq_nikola
Orc:1:    layout_caves, serial_shops, shop
Orc:2:    st_orc_ogre_mass, layout_caves, serial_shops, shop,
          nicolae_alphabet_shops
Elf:1:    minmay_elf_arrival_circle, layout_gridlike,
          ebering_ghost_reflecting_pool, serial_shops, shop, minivault_28,
          drop_trap
Elf:2:    nicolae_elf_blades_splatter_lattice
          [nicolae_blade_entry_area_security], layout_loops_cross, serial_shops,
          nicolae_shop_tiny_real_fake_doors, special_room [special_room_orc],
          minivault_26, nicolae_shop_i_like_small_books_too, minivault_27
Vaults:1: nicolae_vaults_little_squares_6, v_misc_1, hangedman_vaults_trim,
          nicolae_vaults_crenellated_ambush, nicolae_vaults_double_plus_1,
          nicolae_vaults_triangles, ontoclasm_vaults_claustrophobia,
          nicolae_vaults_little_squares_2, nicolae_vaults_asterisk,
          nicolae_vaults_more_shelving_1, nicolae_vaults_storage_closets_3,
          layout_vaults_maze
Vaults:2: portal_desolation_entry_salt, nicolae_vaults_asterisk, v_pattern_2,
          nicolae_vaults_asterisk, vaults_room_guarded_vault,
          nicolae_vaults_mini_display_case, v_misc_4,
          vaults_room_grunt_arrival_ludios, layout_vaults_omnigrid
Desolation

Skill      XL: |  1  2  3  4  5  6  7  8  9 10 11 12 13 14 15 16 17 18 19 |
---------------+----------------------------------------------------------+-----
Axes           | 4 5 6 7 9 10 12 13 15 16 17 18 19 20 21 | 21.3
Fighting       | 4 5 6 7 9 10 12 15 17 19 20 21 22 23 | 23.7
Armour         | 3 4 5 6 7 9 10 12 15 17 19 20 21 22 23 | 23.3
Dodging        | 3 4 5 6 8 9 11 12 13 14 16 17 18 19 | 19.6
Shields        | 4 8 10 12 | 12.2

Action                     |  1- 3 |  4- 6 |  7- 9 | 10-12 | 13-15 | 16-18 | 19-21 || total
---------------------------+-------+-------+-------+-------+-------+-------+-------++-------
  Melee: Hand axe          |    66 |   144 |   292 |   327 |       |       |       ||   829
         Headbutt          |    13 |    16 |    64 |   123 |   215 |   280 |    82 ||   793
         Punch             |     1 |       |     5 |     6 |    12 |       |       ||    24
         War axe           |       |       |       |   156 |   149 |   968 |   269 ||  1542
         Whip              |       |       |       |     7 |     5 |       |       ||    12
         Spear             |       |       |       |     4 |       |    51 |       ||    55
         Broad axe         |       |       |       |       |   768 |   175 |       ||   943
  Throw: Throwing net      |       |     1 |       |       |       |       |       ||     1
         Boomerang         |       |       |     2 |       |    12 |    26 |       ||    40
         Javelin           |       |       |       |       |       |     1 |     1 ||     2
         Dart              |       |       |       |       |       |     3 |       ||     3
 Invoke: Berserk           |       |     3 |     6 |    12 |    14 |    22 |     5 ||    62
         Trog's Hand       |       |     1 |     1 |       |     8 |     9 |     4 ||    23
         Brothers in Arms  |       |       |       |       |     7 |     9 |     1 ||    17
    Use: Scroll            |       |     5 |       |    13 |    16 |     7 |     2 ||    43
         Potion            |       |       |       |       |       |     1 |     1 ||     2
   Stab: Distracted        |       |       |       |     1 |     1 |     3 |     2 ||     7
         Petrified         |       |       |       |       |       |     3 |       ||     3
 Armour: Animal skin       |     8 |       |       |       |       |       |       ||     8
         Ring mail         |     9 |     7 |       |       |       |       |       ||    16
         Scale mail        |       |    45 |     2 |       |       |       |       ||    47
         Plate armour      |       |       |   148 |   296 |   501 |   919 |   112 ||  1976
  Dodge: Dodged            |    54 |    85 |   133 |   356 |   730 |   876 |   133 ||  2367
  Block: Tower shield      |       |       |       |       |       |  1032 |   263 ||  1295
